Map: Babylon LE

Players

IamSorry

  • Race: Zerg Zerg
  • League: Platinum
  • Spawn Location: 11:00

JoburgTaxi - Winner!

  • Race: Terran Terran
  • League: Platinum
  • Spawn Location: 5:00

VOD

Have the link to the VOD?

Description

Time

  • Played on: Aug. 10, 2023, 3:08 p.m.
  • Length: 23:32
Show
View Real Time Build Order
Export as new Build Order

IamSorry Zerg 

Build Orders: Hatch First, Lurkers 

Get SALT Encoding   

  12  0:00  Drone  
  13  0:08  Drone  
  14  0:17  Overlord  
  14  0:41  Hatchery  
  13  0:46  Drone  
  13  0:49  Drone  
  15  0:53  Drone  
  16  0:58  Drone  
  17  1:13  Spawning Pool  
  17  1:16  Drone  
  17  1:20  Extractor  
  16  1:30  Drone x2  
  18  1:41  Drone  
  19  1:51  Drone  
  19  2:11  Hatchery  
  19  2:12  Drone x2  
  20  2:18  Queen  
  22  3:09  Queen  
  22  3:10  Drone  
  22  3:11  Drone x3  
  28  3:13  Overlord x2  
  28  3:21  Extractor  
  27  3:27  Drone  
  27  3:28  Drone x2  
  27  3:31  Extractor  
  29  3:40  Hatchery  
  28  3:42  Baneling Nest  
  28  3:43  Drone  
  28  3:45  Evolution Chamber  
  27  3:53  Lair  
  27  4:04  Drone  
  27  4:05  Drone x2  
  30  4:15  Zergling x2  
  30  4:16  Zergling x2  
  32  4:17  Zergling x2  
  32  4:23  Drone  
  34  4:24  Drone  
  34  4:27  Drone  
  36  4:34  Zergling x2  
  36  4:35  Zergling x2  
  36  4:37  Baneling x2  
  38  4:46  Drone x2  
  38  4:47  Drone  
  38  4:48  Drone  
  38  4:51  Drone  
  43  5:01  Hydralisk Den  
  43  5:06  Zerg Ground Armor Level 1  
  42  5:09  Drone  
  42  5:11  Zergling x2  
  42  5:12  Drone  
  45  5:15  Zergling x2  
  45  5:17  Drone  
  45  5:20  Zergling x2  
  48  5:22  Baneling x2  
  48  5:26  Drone  
  48  5:27  Extractor  
  48  5:39  Lurker Den, Centrifugal Hooks  
  47  5:45  Hydralisk  
  47  5:48  Drone  
  47  5:49  Drone  
  51  5:52  Hydralisk  
  53  5:58  Metabolic Boost  
  53  6:01  Pneumatized Carapace, Grooved Spines  
  53  6:06  Hydralisk  
  53  6:09  Drone  
  56  6:15  Overlord  
  56  6:16  Overlord  
  56  6:28  Overlord  
  56  6:33  Queen  
  56  6:36  Hydralisk  
  56  6:37  Hydralisk  
  62  6:44  Lurker x3  
  65  6:47  Drone x2  
  65  6:48  Drone  
  68  6:55  Drone x3  
  68  6:57  Drone x2  
  73  7:06  Zergling x4  
  74  7:09  Muscular Augments  
  74  7:23  Infestation Pit  
  73  7:31  Overlord x3  
  73  7:32  Overlord  
  73  7:35  Zerg Missile Weapons Level 1  
  73  7:40  Overlord  
  73  7:54  Drone x3  
  73  7:58  Spore Crawler  
  75  8:00  Spore Crawler x2  
  75  8:04  Spore Crawler  
  75  8:05  Spore Crawler  
  71  8:08  Hive  
  71  8:09  Spore Crawler, Infestor x3  
  76  8:14  Hydralisk x2  
  76  8:17  Lurker  
  81  8:25  Drone x2  
  83  8:28  Queen  
  83  8:29  Extractor  
  83  8:31  Drone x3  
  87  8:35  Extractor, Drone  
  87  8:37  Extractor  
  86  8:58  Drone  
  86  8:59  Drone x5  
  86  9:00  Drone x2  
  86  9:02  Hatchery  
  93  9:08  Pathogen Glands  
  93  9:11  Hydralisk, Baneling x3  
  93  9:12  Baneling  
  93  9:15  Burrow  
  95  9:17  Drone  
  95  9:18  Drone  
  97  9:42  Spore Crawler  
  97  9:43  Spine Crawler  
  97  9:44  Drone x3  
  97  9:45  Hydralisk x5  
  108  9:55  Hydralisk  
  108  9:59  Adaptive Talons  
  110  10:03  Overlord x2  
  110  10:05  Overlord  
  110  10:19  Drone  
  110  10:20  Drone x4  
  115  10:34  Overseer x2  
  115  10:37  Zerg Melee Weapons Level 1  
  115  10:40  Neural Parasite  
  115  10:42  Adrenal Glands  
  115  10:43  Zergling x6, Evolution Chamber  
  115  10:44  Zergling x6  
  115  10:46  Lurker x4  
  124  10:54  Hydralisk x4  
  124  10:56  Seismic Spines  
  132  11:01  Drone x4  
  132  11:02  Drone  
  137  11:09  Spine Crawler  
  136  11:17  Drone x4  
  136  11:18  Drone  
  141  11:21  Overlord x4  
  141  11:25  Zerg Missile Weapons Level 2  
  141  11:37  Baneling x2  
  141  11:38  Baneling x5  
  141  12:02  Zergling x18  
  141  12:03  Zergling x12  
  156  12:31  Zerg Ground Armor Level 2  
  147  13:29  Hydralisk x4  
  147  13:31  Viper x5  
  170  13:35  Infestor x2  
  170  13:36  Infestor  
  170  13:42  Extractor, Drone  
  170  13:44  Drone x3  
  170  13:48  Extractor, Zerg Missile Weapons Level 3  
  172  13:59  Zergling x2  
  172  14:01  Overlord x4  
  107  14:27  Zergling x18  
  107  14:28  Zergling x8  
  118  14:37  Zergling x2  
  118  14:38  Zergling x18  
  104  14:50  Hydralisk x2  
  104  14:51  Hydralisk x4  
  116  14:53  Queen  
  106  15:11  Zergling x2  
  106  15:12  Zergling x18  
  108  15:17  Hatchery  
  108  15:20  Hatchery  
  104  15:29  Drone x2  
  104  15:30  Drone x2  
  104  15:32  Overlord  
  104  15:33  Overlord x2  
  104  15:35  Overseer  
  109  15:42  Drone  
  109  15:43  Drone x2  
  109  15:44  Extractor  
  109  15:48  Zergling x2  
  109  15:49  Zergling x24  
  123  15:54  Baneling x3  
  123  15:55  Baneling x9  
  123  15:56  Baneling x2  
  123  16:07  Zergling x8  
  123  16:08  Zergling x12  
  111  16:20  Zergling x14  
  109  16:33  Hydralisk x8  
  125  16:44  Hatchery  
  119  16:52  Drone  
  119  16:53  Drone x9  
  129  17:01  Spine Crawler  
  129  17:03  Spore Crawler  
  127  17:12  Extractor, Zerg Ground Armor Level 3, Zerg Melee Weapons Level 2  
  126  17:20  Zergling x2  
  126  17:21  Ultralisk Cavern, Zergling x26  
  139  17:24  Lurker x4  
  139  17:25  Lurker x3  
  146  17:44  Overseer x2  
  146  17:46  Drone x3  
  149  17:54  Drone  
  149  17:55  Drone x2  
  149  17:57  Extractor  
  151  17:59  Extractor  
  145  18:11  Ultralisk x2  
  145  18:12  Ultralisk  
  157  18:15  Baneling x7  
  157  18:16  Baneling, Extractor  
  157  18:17  Chitinous Plating  
  156  18:43  Hydralisk x5  
  166  18:53  Baneling x4  
  166  18:54  Baneling x3  
  166  18:55  Ultralisk x5  
  184  19:14  Zergling x2  
  184  19:15  Zergling x24  
  184  19:16  Hydralisk x6  
  186  19:31  Zergling x12  
  184  19:32  Zergling x4  
  184  19:34  Queen  
  184  19:36  Drone x3, Anabolic Synthesis  
  197  19:38  Drone  
  197  19:41  Drone x2  
  199  19:48  Zerg Melee Weapons Level 3  
  181  20:15  Hydralisk x6  
  181  20:16  Hydralisk x2  
  165  20:47  Zergling x8  
  165  20:48  Zergling x22  
  151  20:56  Hydralisk x8  
  134  21:15  Viper x2  
  134  21:16  Hydralisk x7, Viper x2  
  134  21:31  Zergling x2  
  134  21:32  Zergling x18  
  138  21:37  Zergling x8  
  124  21:52  Hydralisk x4  
  98  22:23  Zergling x4  
  98  22:24  Zergling x2  
  92  22:37  Zergling x2  
  92  22:40  Lurker x3  
  92  22:44  Baneling x6  
  94  22:50  Zergling x2  
Show
View Real Time Build Order
Export as new Build Order

JoburgTaxi Terran - Winner!

Build Orders:  

Get SALT Encoding   

  12  0:01  SCV  
  13  0:13  SCV  
  14  0:19  Supply Depot  
  14  0:25  SCV  
  15  0:41  SCV  
  16  0:43  Barracks  
  16  0:48  Refinery  
  16  0:53  SCV  
  17  1:05  SCV  
  18  1:17  SCV  
  19  1:30  Marine  
  19  1:31  Orbital Command  
  20  1:44  Command Center  
  20  1:49  Barracks Reactor  
  20  1:56  Supply Depot  
  20  1:58  SCV  
  21  2:10  SCV  
  22  2:27  Factory, Marine x2, Refinery  
  24  2:30  SCV  
  25  2:42  SCV  
  25  2:44  Marine x2  
  27  2:54  SCV  
  28  2:59  Orbital Command  
  28  3:02  Marine x2  
  30  3:06  SCV  
  30  3:12  Starport  
  31  3:14  Factory Tech Lab  
  31  3:18  SCV  
  32  3:20  Marine x2  
  34  3:27  SCV  
  34  3:29  Supply Depot  
  34  3:30  SCV  
  36  3:34  Siege Tank  
  36  3:39  SCV  
  40  3:42  SCV  
  40  3:44  Marine x2  
  43  3:51  SCV  
  43  3:53  Viking  
  43  3:55  SCV  
  47  4:05  Barracks, Supply Depot  
  47  4:06  Marine x2  
  49  4:13  Siege Tank  
  52  4:20  Barracks  
  52  4:31  Marine x2  
  54  4:32  SCV x2  
  54  4:36  Supply Depot  
  54  4:38  Starport Tech Lab  
  56  4:44  SCV x2  
  58  4:48  Marine  
  58  4:49  Marine  
  60  4:56  SCV x2  
  60  4:58  Factory Tech Lab  
  62  5:00  Supply Depot  
  62  5:08  Stimpack, SCV x2, Refinery  
  62  5:09  Starport Reactor  
  64  5:16  Supply Depot  
  64  5:20  SCV  
  65  5:26  Barracks x2  
  65  5:27  SCV  
  66  5:30  Siege Tank  
  66  5:33  SCV  
  70  5:39  Supply Depot, SCV  
  70  5:42  Combat Shield  
  71  5:45  Marine  
  72  5:50  Medivac x2  
  72  5:52  SCV x2  
  78  5:59  Refinery  
  78  6:02  Siege Tank  
  81  6:06  SCV  
  81  6:09  Supply Depot  
  82  6:13  Engineering Bay  
  82  6:16  SCV  
  83  6:18  Marine  
  83  6:19  Supply Depot, Marauder  
  83  6:22  Barracks Reactor  
  83  6:23  Barracks Tech Lab  
  86  6:28  Supply Depot  
  86  6:34  Siege Tank  
  89  6:41  Supply Depot  
  89  6:47  Supply Depot  
  89  7:15  Liberator x2  
  89  7:16  SCV  
  89  7:18  Siege Tank  
  99  7:28  Marine x2, Marauder x2  
  105  7:33  Command Center  
  105  7:36  Marine x2  
  107  7:37  SCV x2  
  107  7:40  Supply Depot  
  107  7:42  Bunker  
  109  7:47  Supply Depot  
  109  7:49  SCV x2  
  109  7:50  Terran Infantry Weapons Level 1  
  109  7:51  Engineering Bay  
  111  7:52  Marine  
  111  7:53  Marine x2  
  114  7:58  Medivac x2  
  114  7:59  Siege Tank  
  114  8:01  SCV x2  
  123  8:17  SCV  
  124  8:28  Viking x2, Armory  
  128  8:37  SCV  
  128  8:41  Siege Tank  
  132  8:48  SCV, Starport  
  133  8:49  Orbital Command  
  133  8:52  Missile Turret, Refinery  
  133  9:11  Medivac x2  
  133  9:13  SCV x2, Siege Tank  
  133  9:15  Marine x2, Marauder  
  133  9:16  Marauder  
  148  9:20  Refinery  
  148  9:25  SCV  
  148  9:28  Terran Vehicle Weapons Level 1  
  149  9:45  Siege Tank  
  152  9:49  Starport Tech Lab  
  152  9:51  Terran Infantry Armor Level 1  
  152  9:55  Bunker  
  152  9:58  Armory  
  152  10:00  Supply Depot  
  152  10:01  Supply Depot  
  152  10:12  Command Center  
  152  10:17  Siege Tank  
  155  10:32  Banshee  
  158  10:37  Viking x2  
  158  10:40  Marine x2, Marauder  
  158  10:41  SCV x2  
  168  10:49  Siege Tank  
  171  10:54  Command Center  
  171  10:55  Marine  
  171  10:56  Marauder x2  
  176  10:58  Supply Depot  
  176  10:59  Terran Vehicle And Ship Armor Level 1  
  176  11:12  Factory  
  176  11:15  Raven  
  178  11:19  Starport  
  178  11:20  Supply Depot  
  178  11:21  Siege Tank  
  178  11:22  Terran Ship Weapons Level 1  
  181  11:30  Cloaking Field  
  180  11:45  Terran Infantry Weapons Level 2  
  180  11:53  Siege Tank  
  183  12:03  Viking x2, Banshee  
  183  12:08  Marine x2, Marauder  
  192  12:18  Planetary Fortress  
  192  12:21  Refinery  
  192  12:25  Siege Tank  
  195  12:34  Refinery  
  195  12:46  Banshee  
  197  13:24  Viking  
  186  14:16  Siege Tank  
  131  14:17  Marine x4  
  131  14:18  Marauder x3  
  107  14:28  Factory Tech Lab  
  107  14:29  SCV x2  
  107  14:30  SCV  
  104  14:35  Marine x4  
  106  14:39  Marauder x3  
  106  14:41  SCV  
  110  14:49  Siege Tank  
  113  14:52  Marine  
  113  14:53  Marine x2  
  113  15:00  Marauder x2  
  113  15:01  Marauder  
  113  15:02  Marine  
  114  15:10  Marine  
  114  15:11  Marine x2  
  115  15:20  Marine, Hellion  
  115  15:21  Siege Tank  
  121  15:22  Marauder x3  
  121  15:24  SCV  
  121  15:25  SCV x2  
  121  15:27  Starport Reactor  
  130  15:28  Marine x3  
  133  15:36  SCV  
  133  15:38  Marine  
  133  15:41  Hellion  
  133  15:42  Medivac x2  
  139  15:43  Medivac, Marauder x3  
  139  15:46  Marine x3  
  152  15:53  Siege Tank  
  152  15:56  Marine  
  156  16:03  Hellion  
  156  16:04  Marine x3, Marauder  
  158  16:05  Marauder x2  
  167  16:12  Medivac  
  167  16:13  Marine  
  144  16:22  Marine x3  
  144  16:24  Hellion  
  144  16:25  Marine, Siege Tank  
  142  16:26  Marauder  
  142  16:29  Marine  
  142  16:31  Marine  
  141  16:39  Marine  
  130  16:40  Marine x2  
  130  16:44  Marauder  
  130  16:46  Hellion  
  125  16:47  Marauder x2  
  125  16:49  Marine  
  124  16:57  Marine x3, Hellion  
  129  17:05  Marauder  
  129  17:07  Marine  
  134  17:08  Marauder  
  134  17:09  Marauder  
  134  17:12  Siege Tank  
  134  17:15  Marine x3  
  140  17:18  Siege Tank  
  145  17:25  Marine  
  145  17:27  Marauder  
  145  17:29  Terran Vehicle And Ship Armor Level 2  
  150  17:30  Marauder x2  
  150  17:31  Terran Infantry Armor Level 2  
  150  17:33  Terran Vehicle Weapons Level 2, Marine x3  
  155  17:37  Refinery  
  155  17:42  Marine  
  155  17:44  Viking x2, Siege Tank  
  158  17:48  Marauder  
  158  17:50  Siege Tank  
  158  17:51  Marine x3, Marauder x2  
  175  18:00  Marine  
  176  18:08  Marine  
  176  18:09  Marine x2, Marauder  
  176  18:12  Marine  
  183  18:13  Marauder  
  183  18:16  Siege Tank  
  183  18:18  Marine  
  188  18:23  Siege Tank  
  188  18:26  Marine x2  
  188  18:27  Marine  
  192  18:31  Marauder x2  
  192  18:33  Marine  
  199  18:36  Marine  
  182  19:30  Siege Tank x2  
  182  19:31  Marine x2  
  183  19:38  Marine x3, Marauder x2  
  190  19:44  Terran Ship Weapons Level 2  
  191  19:47  Terran Infantry Weapons Level 3  
  191  19:49  Marine x2  
  193  19:55  Marine  
  193  19:56  Command Center, Marine, Marauder  
  199  20:00  Marauder  
  199  20:03  Marine  
  198  20:18  Marauder  
  200  20:39  Marauder  
  198  20:51  Marine x2  
  169  21:14  Marine x3  
  169  21:15  Marine, Marauder x3  
  159  21:29  Hellion  
  159  21:30  Hellion  
  159  21:32  Marine x4  
  162  21:36  Marauder x3  
  166  21:50  Marine x4  
  166  21:51  Hellion x2  
  174  21:57  Marauder  
  174  21:58  Marauder x2  
  180  22:08  Marine x4  
  183  22:12  Hellion x2  
  184  22:16  Medivac x3  
  184  22:19  Marauder x3  
  189  22:25  Marine x2  
  189  22:26  Marine x2  
  193  22:33  Siege Tank  
  193  22:34  Hellion  
  198  22:40  Marauder  
  200  22:59  Orbital Command  
Tags
 
Composition
Lurkers
Matchup
TvZ
Spawn Locations
Cross Positions
Add a new tag
Caveats
  • Supply blocks, unpowered buildings, or Contaminate may cause inaccurate times.
  • Supply counts are checked every 10 seconds.